 Dungeon Crawl Stone Soup version 0.29.1-2-gbd0b4ee654 (webtiles) character file.

Game seed: 14689781785008100150

286450 hilljack the Black Belt (level 21, -15/229 (252) HPs)
             Began as a Human Transmuter on Nov 13, 2022.
             Was the Champion of Cheibriados.
             Killed from afar by a halazid warlock (42 damage)
             ... with a bolt of cold
             ... in a wizard's laboratory on Nov 14, 2022.
             The game lasted 01:54:40 (45169 turns).

hilljack the Black Belt (Human Transmuter)         Turns: 45169, Time: 01:54:41

HP:   -15/229 (252) AC: 16    Str: 40    XL:     21   Next: 52%
MP:   35/35         EV: 30    Int: 33    God:    Cheibriados [******]
Gold: 3217          SH:  0    Dex: 31    Spells: 9/40 levels left

rFire   + + .      SeeInvis .     - Unarmed
rCold   x . .      Faith    .   (shield currently unavailable)
rNeg    + . .      Spirit   .   (body armour currently unavailable)
rPois   +          Reflect  .   (helmet currently unavailable)
rElec   .          Harm     .   (cloak currently unavailable)
rCorr   .          Rampage  .   (gloves currently unavailable)
Will    +....                   (boots currently unavailable)
Stlth   ++........              E - amulet of Nifuur {Regen+ Slay+3}
HPRegen 1.28/turn               d - ring "Ownump" {rN+ Slay+4}
MPRegen 0.24/turn               H - ring of the Hare {EV+8}

@: dragon-form, flying, studying 2 skills, drained, very slow
A: dragon claw, dragon scales, breathe fire, flying, boosted hp, giant
}: 2/15 runes: decaying, gossamer
a: Breathe Fire, End Transformation, Renounce Religion, Bend Time, Temporal
Distortion, Slouch, Step From Time


You were in a wizard's laboratory.
You worshipped Cheibriados.
Cheibriados was exalted by your worship.
You were a fearsome dragon!
You visited 7 branches of the dungeon, and saw 32 of its levels.
You also visited: Ossuary, Bailey, Gauntlet and Wizlab.

You collected 5939 gold pieces.
You spent 2722 gold pieces at shops.

Inventory:

Missiles
 m - 6 throwing nets
 L - 8 silver javelins
Armour
 k - a +1 helmet (melded)
 n - the +2 pair of gloves of the Endless Expanse (melded) {rC- rN+++ MP+9 SInv}
   (You acquired it on level 9 of the Dungeon)

   rC:        It makes you vulnerable to cold.
   rN:        It renders you almost immune to negative energy.
   MP:        It affects your magic capacity (+9).
   SInv:      It lets you see invisible.
 F - a +2 troll leather armour (melded)
 R - the +2 pair of boots of the Verdant God (melded) {Int+2}
   (You found it on level 11 of the Dungeon)

   Int:       It affects your intelligence (+2).
 T - a scarf of repulsion (melded)
Jewellery
 d - the ring "Ownump" (left foreclaw) {rN+ Slay+4}
   (You found it on level 1 of the Swamp)

   [ring of positive energy]

   Slay:      It affects your accuracy & damage with ranged weapons and melee
   (+4).
   rN:        It protects you from negative energy.
 u - a ring of ice
 A - the ring "Suwnohih" {rF+ Str+3}
   (You took it off a minotaur in a Gauntlet)

   [ring of protection from fire]

   Str:       It affects your strength (+3).
   rF:        It protects you from fire.
 E - the amulet of Nifuur (around neck) {Regen+ Slay+3}
   (You acquired it on level 4 of the Spider Nest)

   [amulet of regeneration]

   Slay:      It affects your accuracy & damage with ranged weapons and melee
   (+3).
   Regen:     It increases your rate of health regeneration.
 H - the ring of the Hare (right foreclaw) {EV+8}
   (You bought it in a shop on level 2 of the Orcish Mines)

   [ring of evasion]

   EV:        It affects your evasion (+8).
 J - the ring "Luqyt" {rElec Will+ Int+3}
   (You bought it in a shop on level 2 of the Orcish Mines)

   [ring of willpower]

   Int:       It affects your intelligence (+3).
   rElec:     It insulates you from electricity.
   Will:      It increases your willpower.
 N - the ring of Zeclust {rCorr Str+2 Int-4 Dex+7 Stlth+}
   (You found it in a Gauntlet)

   [ring of resist corrosion]

   Str:       It affects your strength (+2).
   Int:       It affects your intelligence (-4).
   Dex:       It affects your dexterity (+7).
   rCorr:     It protects you from acid and corrosion.
   Stlth:     It makes you more stealthy.
Wands
 p - a wand of mindburst (27)
 r - a wand of digging (6)
 s - a wand of paralysis (33)
 v - a wand of quicksilver (14)
 x - a wand of flame (46)
 P - a wand of iceblast (40)
Scrolls
 a - 7 scrolls of poison
 f - 11 scrolls of teleportation
 g - 2 scrolls of immolation
 t - 6 scrolls of fog
 y - 2 scrolls of fear
 B - 3 scrolls of blinking
 Q - a scroll of summoning
 U - a scroll of magic mapping
 Y - 2 scrolls of silence
Potions
 b - 7 potions of lignification
 c - 20 potions of curing
 e - 7 potions of might
 h - 2 potions of attraction
 i - a potion of mutation
 l - 6 potions of heal wounds
 o - 2 potions of resistance
 q - 4 potions of flight
 z - 3 potions of cancellation
 D - 6 potions of brilliance
 I - 4 potions of invisibility
 K - 2 potions of berserk rage
 X - 5 potions of ambrosia
 Z - a potion of magic
Miscellaneous
 M - a phantom mirror
 S - a phial of floods


   Skills:
 - Level 15.0 Fighting
 - Level 5.0 Armour
 - Level 15.0 Dodging
 + Level 16.6 Unarmed Combat
 - Level 10.0 Spellcasting
 + Level 14.9 Transmutations
 - Level 10.0 Ice Magic
 - Level 10.0 Invocations
 - Level 10.0 Evocations


You had 9 spell levels left.
You knew the following spells:

 Your Spells              Type           Power      Damage    Failure   Level
a - Frozen Ramparts       Ice            100%       1d16      1%          3
b - Wereblood             Tmut           86%        N/A       0%          2
c - Dragon Form           Tmut           43%        N/A       5%          7
d - Ice Form              Ice/Tmut       78%        N/A       1%          4
e - Spider Form           Tmut/Pois      60%        N/A       1%          3
f - Passwall              Tmut/Erth      50%        N/A       1%          2
g - Alistair's Intoxicat  Tmut/Pois      40%        N/A       3%          5
h - Irradiate             Conj/Tmut      30%        3d21      3%          5

Your spell library contained the following spells:

 Spells                   Type           Power      Damage    Failure   Level
 Beastly Appendage        Tmut           100%       N/A       0%          1
 Ensorcelled Hibernation  Hex/Ice        98%        N/A       1%          2
 Petrify                  Tmut/Erth      60%        N/A       1%          4
 Blade Hands              Tmut           43%        N/A       1%          5
 Magic Dart               Conj           64%        1d6       2%          1
 Slow                     Hex            64%        N/A       2%          1
 Summon Ice Beast         Ice/Summ       49%        N/A       3%          4
 Call Imp                 Summ           16%        N/A       4%          2
 Searing Ray              Conj           32%        2d5       4%          2
 Sublimation of Blood     Necr           16%        N/A       4%          2
 Confusing Touch          Hex            16%        N/A       9%          3
 Lesser Beckoning         Tloc           16%        N/A       9%          3
 Mephitic Cloud           Conj/Pois/Air  16%        N/A       9%          3
 Swiftness                Air            16%        N/A       9%          3
 Vampiric Draining        Necr           16%        2d7       9%          3
 Metabolic Englaciation   Hex/Ice        24%        N/A       10%         5
 Statue Form              Tmut/Erth      40%        N/A       21%         6
 Anguish                  Hex/Necr       8%         N/A       28%         4
 Animate Dead             Necr           16%        N/A       28%         4
 Cause Fear               Hex            8%         N/A       28%         4
 Corpse Rot               Necr/Pois/Air  16%        N/A       28%         4
 Fulminant Prism          Conj/Hex       8%         3d7       28%         4
 Passage of Golubria      Tloc           16%        N/A       28%         4
 Summon Forest            Summ/Tloc      8%         N/A       61%         5
 Summon Mana Viper        Hex/Summ       16%        N/A       61%         5
 Summon Cactus Giant      Summ           8%         N/A       99%         6
 Haunt                    Necr/Summ      8%         N/A       100%        7
 Summon Hydra             Summ           8%         N/A       100%        7
 Infestation              Necr           8%         N/A       100%        8
 Dragon's Call            Summ           8%         N/A       100%        9


Dungeon Overview and Level Annotations

Branches:
Dungeon (15/15) Zot: 38101  Temple (1/1) D:7 Zot: 8608    Lair (5/5) D:11 Zot: 32063
  Swamp (4/4) Lair:2 Zot: 30537  Spider (4/4) Lair:3 Zot: 27419   Slime (0/5) Lair:4
    Orc (2/2) D:12 Zot: 15515     Elf (0/3) Orc:2        Vaults (1/5) D:14 Zot: 8827
 Depths (0/4) D:15        Ossuary (visited)          Bailey (visited)
 WizLab (1/1) Zot: 8300   Gauntlet (visited)

Altars:
Ashenzari
Cheibriados
Dithmenos
Elyvilon
Fedhas
Gozag
Hepliaklqana
Kikubaaqudgha
Makhleb
Nemelex Xobeh
Okawaru
Qazlal
Ru
Sif Muna
Trog
Uskayaw
Vehumet
Wu Jian
Xom
Yredelemnul
Zin
The Shining One

Shops:
D:3 *   D:7 :[(   D:11 (   Orc:1 (   Orc:2 ==(=


Message History

Something completely misses you. Something bites you but does no damage.
The vampire mage completely misses you. The vampire mage bites you.
* * * LOW HITPOINT WARNING * * *
The vampire mage draws strength from your injuries!
You bite the flying skull!!
You destroy the flying skull!
Cheibriados appreciates the change of pace.
You miss the flying skull. The flying skull completely misses you.
Something misses you. Something closely misses you.
The vampire mage completely misses you. The vampire mage bites you.
* * * LOW HITPOINT WARNING * * *
The vampire mage draws strength from your injuries!
You maul the flying skull!!!
You destroy the flying skull!
Cheibriados thoroughly appreciates the change of pace.
Something completely misses you. Something bites you!
* * * LOW HITPOINT WARNING * * *
Something draws strength from your injuries!
The vampire mage hits you but does no damage.
The vampire mage barely misses you.
You maul the vampire mage!!!
You destroy the vampire mage!
Cheibriados thoroughly appreciates the change of pace.
You hear a shout! x2
Something hits you.
* * * LOW HITPOINT WARNING * * *
Something barely misses you. Something misses you. Something bites you!
* * * LOW HITPOINT WARNING * * *
Something draws strength from your injuries!
You barely miss something. You tail-slap something. You claw something.
You maul something!!!!
Cheibriados appreciates the change of pace.
Reactivating autopickup.
You feel a bit more experienced.
A halazid warlock comes into view.
The halazid warlock shouts!
The halazid warlock gestures at you while chanting.
The bolt of cold hits you!!!
You feel a terrible chill!
You die...

#......#......#......#.....
#......##....###....##...#.
#... ##...# #...##......
##..# #..##...#... ##.#
#.##....#... ##..#
..##......# ##...# ##....##
##...## ##..## #..D## #.##
##..## ### #...# #...#
#...# ##.L## #.).# ##..[#
##..L..


You could see a halazid warlock.

Vanquished Creatures
  A tentacled monstrosity (Swamp:3)
  A thorn hunter (Swamp:4)
  2 ancient champions (WizLab)
  Frances (D:14)
  5 revenants (WizLab)
  The ghost of AyAyRon the Bludgeoner, an adept DsFi of Yredelemnul (D:15)
  2 emperor scorpions (Spider:4)
  4 ghost moths
  2 caustic shrike zombies (WizLab)
  2 spectral caustic shrikes (WizLab)
  2 ghouls (Swamp:2)
  4 broodmothers
  Azrael (D:14)
  A spectral titan (WizLab)
  10 eleionomae
  2 entropy weavers
  2 halazid warlocks (WizLab)
  10 bunyips
  The ghost of Rangus the Spear-Bearer, a journeyman OpWn of Ashenzari (Swamp:1)
  A minotaur (Gauntlet)
  A spectral quicksilver dragon (WizLab)
  3 spark wasps
  An eidolon (WizLab)
  An ettin (D:15)
  Josephine (D:13)
  2 jiangshi (WizLab)
  A shambling mangrove (Swamp:4)
  A deep elf death mage (WizLab)
  A quicksilver dragon zombie (WizLab)
  24 hydras
  3 jorogumos (Spider:4)
  A spriggan air mage (Swamp:1)
  5 boulder beetles
  3 ghost crabs
  2 ogre magi (D:15)
  4 radroaches
  15 alligators
  10 two-headed ogres
  A centaur warrior (D:14)
  A death knight (D:14)
  3 tengu warriors
  An orc high priest (Orc:1)
  8 death scarabs (Spider:4)
  4 death yaks (Lair:3)
  2 vampire magi (WizLab)
  A hell knight (D:15)
  A spriggan berserker (Swamp:2)
  A spectral emperor scorpion (Spider:4)
  Sonja (Lair:2)
  A fire crab (shapeshifter) (D:14)
  7 pharaoh ants
  A sixfirhy (Gauntlet)
  5 goliath frogs
  2 shadow wraiths (WizLab)
  2 steelbarb worms (Spider:4)
  A spark wasp zombie (WizLab)
  4 spriggan druids
  2 flayed ghosts (WizLab)
  2 skeletal warriors
  14 orb spiders
  Pikel (D:8)
  2 deep trolls
  A wizard (D:14)
  An orc knight (D:10)
  4 bog bodies
  5 deep elf pyromancers
  A necromancer (D:15)
  A broodmother zombie (Spider:4)
  8 swamp dragons
  5 phantasmal warriors
  2 spectral wolf spiders (Spider:4)
  20 ugly things
  6 cyclopes
  5 will-o-the-wisps
  An orc sorcerer (Orc:2)
  A worldbinder (Gauntlet)
  2 spectral spriggans (WizLab)
  3 manticores
  26 slime creatures
  22 wolf spiders
  3 black mambas (Lair:5)
  30 elephants
  3 moths of wrath
  A guardian serpent (shapeshifter) (D:14)
  Maurice (D:9)
  A vault sentinel (Vaults:1)
  7 cane toads
  2 torpor snails
  4 gargoyles
  4 spectral redbacks (Spider:4)
  A cane toad (shapeshifter) (D:14)
  2 unseen horrors
  Maggie (Lair:2)
  2 rime drakes (Lair:4)
  10 komodo dragons
  4 demonic crawlers
  An efreet (D:13)
  A redback zombie (Spider:4)
  3 freezing wraiths
  2 tengu conjurers (D:15)
  3 meliai (Spider:3)
  2 spectral harpies (WizLab)
  4 trolls
  18 tarantellas
  4 tyrant leeches
  3 spectral jumping spiders (Spider:4)
  2 tarantella zombies (Spider:4)
  4 polar bears (Lair:5)
  Prince Ribbit (Lair:2)
  24 blink frogs
  12 hornets
  2 spectral culicivoras (Spider:4)
  8 dream sheep (Lair:5)
  2 spectral tarantellas (Spider:4)
  3 jumping spider zombies (Spider:4)
  37 jumping spiders
  Sigmund (D:5)
  24 spriggans
  18 culicivoras
  17 flying skulls
  A shadow (D:10)
  46 yaks
  3 fire elementals (D:14)
  3 wyverns
  2 vampires
  4 basilisks
  5 wraiths (D:13)
  15 vampire mosquitoes
  Grum (D:8)
  A steam dragon (D:9)
  59 redbacks
  3 wargs
  16 swamp worms
  2 acid dragons
  3 hell hounds (D:14)
  18 water moccasins
  39 orc warriors
  9 black bears
  11 swamp drakes
  10 ogres
  30 wolves
  10 boggarts
  2 phantoms
  26 centaurs
  A kobold brigand (D:8)
  13 bullfrogs
  A necrophage (Swamp:2)
  6 gnoll sergeants
  2 scorpions
  3 wights (D:10)
  9 killer bees (D:7)
  7 vampire bats (Bailey)
  6 wolf zombies (Bailey)
  2 electric eels
  A howler monkey (D:7)
  The ghost of Bombi the Slasher, a weakling SpWn (D:3)
  A human zombie (Ossuary)
  15 hounds
  3 jellies (D:7)
  4 gnoll boudas
  9 orc priests
  Jessica (D:2)
  2 iguanas (D:5)
  13 orc wizards
  6 hell rats (Lair:5)
  4 mummies (Ossuary)
  Robin (D:2)
  51 gnolls
  3 adders
  4 shadow imps (D:7)
  2 white imps (D:7)
  5 ufetubi
  5 dart slugs
  63 orcs
  8 ball pythons
  4 bats
  7 endoplasms
  6 giant cockroaches
  16 goblins
  10 hobgoblins
  6 jackals (D:1)
  12 kobolds
  5 quokkas
  2 frilled lizards
  A goblin zombie (Ossuary)
  A hobgoblin zombie (Ossuary)
  2 jackal zombies (Ossuary)
  3 kobold zombies (Ossuary)
  20 orc zombies
  7 rats
  2 rat zombies (Ossuary)
1263 creatures vanquished.

Vanquished Creatures (others)
  3 bloated husks
  A tarantella (Spider:2)
  A flying skull (WizLab)
  A boggart (D:15)
  A kobold brigand (D:7)
  A howler monkey (D:7)
  3 orc wizards
  An orc (D:9)
  34 demonic plants
  16 foxfires
  62 fungi
  104 plants
  5 toadstools (D:4)
233 creatures vanquished.

Grand Total: 1496 creatures vanquished

Notes
Turn   | Place    | Note
-------+----------+-------------------------------------------
     0 | D:1      | hilljack the Human Transmuter began the quest for the Orb.
     0 | D:1      | Reached XP level 1. HP: 15/15 MP: 3/3
   137 | D:1      | Reached XP level 2. HP: 21/21 MP: 3/5
   262 | D:1      | Found a faded altar of an unknown god.
   306 | D:1      | Reached skill level 4 in Unarmed Combat
   306 | D:1      | Reached XP level 3. HP: 26/26 MP: 6/6
  1026 | D:1      | Prayed at the altar of an unknown god.
  1026 | D:1      | Became a worshipper of Cheibriados the Contemplative
  1026 | D:1      | Reached * piety under Cheibriados
  1148 | D:2      | Reached XP level 4. HP: 32/32 MP: 7/7
  1426 | D:1      | Learned a level 2 spell: Wereblood
  1430 | D:1      | Learned a level 3 spell: Spider Form
  1597 | D:2      | Reached skill level 5 in Unarmed Combat
  1724 | D:2      | Noticed Robin
  1727 | D:3      | Found a bloodstained altar of Trog.
  1884 | D:2      | Killed Robin
  1884 | D:2      | Reached ** piety under Cheibriados
  1885 | D:2      | Reached XP level 5. HP: 29/37 MP: 5/8
  2126 | D:2      | Noticed Jessica
  2136 | D:2      | Killed Jessica
  2488 | D:2      | Found a basalt altar of Yredelemnul.
  2618 | D:3      | Found Inluon's Assorted Antiques.
  2638 | D:3      | Bought an orange potion for 15 gold pieces
  2638 | D:3      | Bought a scroll labelled WUKIHA FIYPIYF for 17 gold pieces
  2638 | D:3      | Bought a scroll labelled WICO BAFOEMUAW for 17 gold pieces
  2638 | D:3      | Bought an emerald potion for 15 gold pieces
  2638 | D:3      | Bought a scroll labelled WUKIHA FIYPIYF for 17 gold pieces
  2638 | D:3      | Bought a scroll labelled YRIDOY SYOLEDI for 17 gold pieces
  2638 | D:3      | Bought a scroll labelled WUKIHA FIYPIYF for 17 gold pieces
  2718 | D:3      | Found a large runed translucent door.
  2719 | D:3      | Found a large runed translucent door.
  2721 | D:3      | Noticed Bombi's ghost (weakling SpWn)
  3226 | D:3      | Reached skill level 6 in Unarmed Combat
  3325 | D:3      | Reached XP level 6. HP: 39/43 MP: 3/9
  3908 | D:3      | Killed Bombi's ghost
  3983 | D:4      | Noticed a black bear
  3993 | D:4      | Killed a black bear
  3994 | D:4      | Reached skill level 7 in Unarmed Combat
  4021 | D:4      | Reached *** piety under Cheibriados
  4371 | D:4      | Reached XP level 7. HP: 48/48 MP: 6/10
  4608 | D:4      | You fall into a shaft and drop 2 floors!
  4641 | D:6      | Learned a level 4 spell: Ice Form
  4665 | D:6      | Reached skill level 8 in Unarmed Combat
  4702 | D:5      | Entered Level 5 of the Dungeon
  4854 | D:5      | Found a hazy altar of Hepliaklqana.
  5095 | D:4      | Found a basalt altar of Yredelemnul.
  5360 | D:5      | Found a radiant altar of Vehumet.
  5500 | D:5      | Noticed Sigmund
  5510 | D:5      | Killed Sigmund
  5511 | D:5      | Reached skill level 9 in Unarmed Combat
  5511 | D:5      | Reached XP level 8. HP: 54/54 MP: 8/11
  5743 | D:5      | Reached **** piety under Cheibriados
  6387 | D:6      | Reached skill level 10 in Unarmed Combat
  6465 | D:6      | Found a blossoming altar of Fedhas.
  6928 | D:7      | HP: 2/54 [orc warrior/+0 halberd (18)]
  7171 | D:7      | Found a white marble altar of Elyvilon.
  7503 | D:7      | Found a staircase to the Ecumenical Temple.
  7508 | Temple   | Entered the Ecumenical Temple
  7787 | D:7      | Reached XP level 9. HP: 59/59 MP: 5/12
  7791 | D:7      | Reached skill level 5 in Transmutations
  7867 | D:7      | Found a sacrificial altar of Ru.
  8422 | D:7      | Found Fyptucle's Armour Emporium.
  8669 | D:7      | Found Jatug's Book Boutique.
  8765 | D:7      | Identified the +0 robe "Qoafuodghu" {rPois Dex-3 Slay+3
                  | SInv}
  8788 | D:7      | Reached ***** piety under Cheibriados
  8886 | D:7      | Found an ancient bone altar of Kikubaaqudgha.
  8988 | D:7      | Found Tiqeoc's Antique Weapon Shop.
  9006 | D:7      | Found a sparkling altar of Nemelex Xobeh.
  9131 | D:7      | Found a shimmering altar of Xom.
  9344 | D:8      | Found a sand-covered staircase.
  9349 | Ossuary  | Entered an ossuary
  9579 | D:8      | Reached XP level 10. HP: 60/65 MP: 8/13
  9987 | D:8      | Reached ****** piety under Cheibriados
 10007 | D:8      | Reached skill level 10 in Transmutations
 10010 | D:8      | Reached skill level 1 in Ice Magic
 10381 | D:8      | Noticed Pikel
 10389 | D:8      | Killed Pikel
 10512 | D:8      | Noticed Grum
 10531 | D:8      | Killed Grum
 10890 | D:8      | Found a burning altar of Makhleb.
 10990 | D:9      | Noticed a freezing wraith
 10997 | D:9      | Killed a freezing wraith
 11040 | D:9      | Noticed Maurice
 11061 | D:9      | Identified 2 scrolls of acquirement
 11061 | D:9      | Acquired the Handbook of Transforming Direction
 11096 | D:9      | Acquired the +2 pair of gloves of the Endless Expanse {rC-
                  | rN+++ MP+9 SInv}
 11219 | D:9      | Killed Maurice
 11220 | D:9      | Reached skill level 5 in Spellcasting
 11220 | D:9      | Reached skill level 5 in Ice Magic
 11244 | D:9      | Found a flagged portal.
 11249 | Bailey   | Entered a bailey
 11591 | Bailey   | Noticed a gargoyle
 11595 | Bailey   | Killed a gargoyle
 11596 | Bailey   | Reached XP level 11. HP: 57/70 MP: 14/19
 12890 | D:10     | Entered Level 10 of the Dungeon
 12895 | D:10     | Learned a level 3 spell: Frozen Ramparts
 12926 | D:10     | Noticed a four-headed hydra
 12932 | D:10     | Noticed a cyclops
 12937 | D:10     | Killed a four-headed hydra
 12943 | D:10     | Killed a cyclops
 12944 | D:10     | Noticed an orc knight
 12953 | D:10     | Killed an orc knight
 13095 | D:10     | Noticed a tengu warrior
 13103 | D:10     | Killed a tengu warrior
 13445 | D:10     | Found a hide-covered altar of Uskayaw.
 13975 | D:10     | Found a shimmering blue altar of Sif Muna.
 14356 | D:11     | Noticed a cyclops
 14391 | D:11     | Found a gate leading to a gauntlet.
 14396 | Gauntlet | Entered a Gauntlet
 14396 | Gauntlet | Found a transporter.
 14399 | Gauntlet | Noticed a sixfirhy
 14427 | Gauntlet | Noticed a worldbinder
 14431 | Gauntlet | Found a transporter.
 14446 | Gauntlet | Found a transporter.
 14451 | Gauntlet | Found a transporter.
 14466 | Gauntlet | Found a transporter.
 14485 | Gauntlet | Found a transporter.
 14497 | Gauntlet | Found a transporter.
 14499 | Gauntlet | Noticed a glowing orange brain
 14501 | Gauntlet | Noticed a purple ugly thing
 14503 | Gauntlet | Noticed a green ugly thing
 14505 | Gauntlet | Found a transporter.
 14505 | Gauntlet | Found a transporter.
 14508 | Gauntlet | Noticed a glowing orange brain
 14521 | Gauntlet | Noticed a death scarab
 14522 | Gauntlet | Found a transporter.
 14527 | Gauntlet | Noticed a death scarab
 14533 | Gauntlet | Noticed a catoblepas
 14534 | Gauntlet | Found a transporter.
 14549 | Gauntlet | Found a transporter.
 14563 | Gauntlet | Found a transporter.
 14581 | Gauntlet | Found a transporter.
 14583 | Gauntlet | Found a transporter.
 14608 | Gauntlet | Found a transporter.
 14610 | Gauntlet | Found a transporter.
 14738 | Gauntlet | Found a transporter.
 14888 | Gauntlet | HP: 4/84 [sixfirhy (11)]
 14897 | Gauntlet | Killed a sixfirhy
 15119 | Gauntlet | Noticed a necromancer
 15120 | Gauntlet | Noticed a necromancer
 15120 | Gauntlet | Noticed a necromancer
 15127 | Gauntlet | Noticed a necromancer
 15130 | Gauntlet | Killed a worldbinder
 15350 | Gauntlet | Reached XP level 12. HP: 75/76 MP: 13/24
 15501 | Gauntlet | Identified the amulet of Tiru {Faith Rampage rF++ Int-2}
 15517 | Gauntlet | Identified the +6 dire flail of Reapportionment {spect,
                  | Int+3}
 15517 | Gauntlet | Identified the ring "Suwnohih" {rF+ Str+3}
 15517 | Gauntlet | Noticed a minotaur
 15525 | Gauntlet | Killed a minotaur
 15531 | Gauntlet | Identified the ring of Zeclust {rCorr Str+2 Int-4 Dex+7
                  | Stlth+}
 15531 | Gauntlet | Identified the +3 short sword of the Original Sin {freeze,
                  | Dex+4}
 15687 | D:11     | HP: 3/91 [manticore (11)]
 15948 | D:11     | Noticed a two-headed ogre
 16074 | D:11     | Killed a two-headed ogre
 16075 | D:11     | Reached skill level 10 in Ice Magic
 16204 | D:11     | Found Ydopitur's Weapon Emporium.
 16213 | D:11     | Identified the +2 pair of boots of the Verdant God {Int+2}
 16383 | D:11     | Reached skill level 10 in Spellcasting
 16383 | D:11     | Reached skill level 1 in Invocations
 16393 | D:11     | Found a staircase to the Lair.
 16739 | D:11     | Noticed a boulder beetle
 16759 | D:11     | Killed a boulder beetle
 16760 | D:11     | Reached skill level 5 in Invocations
 17249 | D:11     | Found a radiant altar of Vehumet.
 17310 | Lair:1   | Entered Level 1 of the Lair of Beasts
 17352 | Lair:1   | Reached XP level 13. HP: 35/84 MP: 12/27
 18308 | Lair:1   | Noticed a four-headed hydra
 18317 | Lair:1   | Killed a four-headed hydra
 18321 | Lair:1   | Reached skill level 5 in Fighting
 19367 | Lair:2   | Noticed an eight-headed hydra
 19377 | Lair:2   | Killed an eight-headed hydra
 19531 | Lair:2   | Noticed Maggie
 19550 | Lair:2   | Killed Maggie
 19701 | Lair:2   | Noticed Prince Ribbit
 19705 | Lair:2   | Killed Prince Ribbit
 19915 | Lair:2   | Found a staircase to the Swamp.
 19967 | Lair:2   | Found an iron altar of Okawaru.
 20087 | Lair:2   | Noticed Sonja
 20093 | Lair:2   | Killed Sonja
 20492 | Lair:3   | Learned a level 7 spell: Dragon Form
 20532 | Lair:3   | Reached skill level 10 in Invocations
 20732 | Lair:3   | Found a hole to the Spider Nest.
 20770 | Lair:3   | Reached XP level 14. HP: 105/105 MP: 8/28
 21835 | Lair:3   | Reached skill level 10 in Fighting
 22235 | Lair:4   | Found a staircase to the Slime Pits.
 22239 | Lair:4   | Acquired 1140 gold pieces
 23025 | Lair:5   | Entered Level 5 of the Lair of Beasts
 23385 | Lair:5   | Reached skill level 11 in Unarmed Combat
 23714 | Lair:5   | Paralysed by a hornet for 2 turns
 23715 | Lair:5   | HP: 1/132 [cane toad (6)]
 24870 | Lair:5   | Reached XP level 15. HP: 111/115 MP: 8/29
 25020 | Lair:5   | Reached skill level 12 in Unarmed Combat
 25344 | Lair:5   | Identified the +5 scimitar of Vostror {flame, rN++}
 25869 | Lair:5   | Reached skill level 13 in Unarmed Combat
 26413 | D:12     | Found a staircase to the Orcish Mines.
 27486 | Orc:1    | Entered Level 1 of the Orcish Mines
 27793 | Orc:2    | Entered Level 2 of the Orcish Mines
 27840 | Orc:2    | Found a staircase to the Elven Halls.
 28308 | Orc:2    | Found Enyvath's Jewellery Emporium.
 28308 | Orc:2    | Found Lazoemm's Weapon Shop.
 28308 | Orc:2    | Found Zutyew's Jewellery Boutique.
 28333 | Orc:2    | Found Cyomomig's Jewellery Shoppe.
 28751 | Orc:2    | Bought the ring of the Hare {EV+8} for 1536 gold pieces
 28751 | Orc:2    | Found the ring of the Hare {EV+8}
 28753 | Orc:2    | Bought the ring "Luqyt" {rElec Will+ Int+3} for 543 gold
                  | pieces
 28759 | Orc:2    | Bought the amulet "Pofroc" {Spirit +Blink} for 528 gold
                  | pieces
 28774 | Orc:2    | Learned a level 2 spell: Passwall
 28780 | Orc:2    | Learned a level 5 spell: Alistair's Intoxication
 28786 | Orc:2    | Learned a level 5 spell: Irradiate
 28911 | Orc:1    | Found Veukkill's Antique Weapon Shoppe.
 28913 | Orc:1    | Reached XP level 16. HP: 124/124 MP: 16/30
 29608 | D:13     | Reached skill level 5 in Dodging
 30044 | D:13     | Noticed Josephine
 30050 | D:13     | Killed Josephine
 30538 | D:13     | Found a shimmering blue altar of Sif Muna.
 30724 | D:14     | Reached skill level 14 in Unarmed Combat
 30891 | D:14     | Noticed Frances
 30896 | D:14     | Killed Frances
 31481 | D:14     | Found a gate to the Vaults.
 32289 | D:14     | Noticed Azrael
 32303 | D:14     | Killed Azrael
 32542 | D:15     | Entered Level 15 of the Dungeon
 32542 | D:15     | Noticed AyAyRon's ghost (adept DsFi)
 32542 | D:15     | Found a runed translucent door.
 32582 | D:15     | Killed AyAyRon's ghost
 32862 | D:15     | Found a staircase to the Depths.
 33308 | D:15     | Reached XP level 17. HP: 135/135 MP: 23/31
 33317 | D:15     | Reached skill level 15 in Unarmed Combat
 33604 | D:15     | Found a broken altar of Ashenzari.
 34108 | Spider:1 | Entered Level 1 of the Spider Nest
 35284 | Spider:1 | Acquired 748 gold pieces
 35687 | Spider:2 | Reached skill level 10 in Dodging
 36464 | Spider:2 | Identified the amulet "Icvuheg" {Acrobat Harm rC+ Str+5
                  | Int-3}
 37175 | Spider:3 | Reached XP level 18. HP: 147/147 MP: 0/32
 37637 | Spider:3 | Identified the +11 mace "Hib Kies" {freeze, rPois rN+
                  | Int-3}
 37690 | Spider:4 | Entered Level 4 of the Spider Nest
 37740 | Spider:4 | Reached skill level 15 in Fighting
 38817 | Spider:4 | Identified the +2 chain mail of Infinity {rElec Int+4 Dex-5
                  | SInv}
 39911 | Spider:4 | Got a gossamer rune of Zot
 39947 | Spider:4 | Acquired the amulet of Nifuur {Regen+ Slay+3}
 40691 | Swamp:1  | Entered Level 1 of the Swamp
 40714 | Swamp:1  | Reached skill level 1 in Evocations
 40948 | Swamp:1  | Reached skill level 15 in Dodging
 40951 | Swamp:1  | Reached XP level 19. HP: 155/155 MP: 26/33
 40986 | Swamp:1  | Found a runed translucent door.
 41033 | Swamp:1  | Noticed Rangus's ghost (journeyman OpWn)
 41057 | Swamp:1  | Identified the +4 trident "Oppueg" {vorpal, Int+3}
 41058 | Swamp:1  | Killed Rangus's ghost
 41068 | Swamp:1  | Identified the ring "Ownump" {rN+ Slay+4}
 41633 | Swamp:2  | Reached skill level 5 in Evocations
 42252 | Swamp:2  | Got the Textbook on Diablerie
 42608 | Swamp:3  | Identified the +3 plate armour "Cireubel" {Int+3}
 42953 | Swamp:3  | Noticed a tentacled monstrosity
 42956 | Swamp:3  | Killed a tentacled monstrosity
 43214 | Swamp:3  | Reached skill level 10 in Evocations
 43386 | Swamp:4  | Entered Level 4 of the Swamp
 43431 | Swamp:4  | Reached skill level 5 in Armour
 43431 | Swamp:4  | Reached XP level 20. HP: 162/162 MP: 34/34
 43567 | Swamp:4  | Reached XP level 21. HP: 168/168 MP: 17/35
 43716 | Swamp:4  | Identified the +5 falchion "Nigaxuig" {venom, *Rage rElec
                  | rN+ Dex+4 SInv}
 44143 | Swamp:4  | Got a decaying rune of Zot
 44506 | Vaults:1 | Entered Level 1 of the Vaults
 44592 | Vaults:1 | Found a magical portal.
 44611 | WizLab   | Entered Borgnjor's Mausoleum
 44794 | WizLab   | Reached skill level 16 in Unarmed Combat
 45169 | WizLab   | Killed from afar by a halazid warlock

Illustrated notes

Levels and vault maps discovered:
D:1:      evilmike_arrival_rings, layout_basic,
          dreamdust_ecumenical_altar_statues, dk_noncrumbling_4,
          minmay_pentomino_w2
D:2:      layout_loops_cross, basic_altar, amcnicky_mini_corridor_feature,
          uniq_jessica, uniq_robin
D:3:      layout_loops_corners, bloody_trog, ebering_ghost_disaster_area,
          serial_shops, shop
D:4:      layout_loops_ring, mainiacjoe_overflow_brackets,
          minmay_gold_behind_fungi
D:5:      layout_cave_pools, mainiacjoe_overflow_cross_hatched,
          nicolae_overflow_hidden_temple, uniq_sigmund
D:6:      layout_cave_pods, kennysheep_mini
D:7:      layout_loops_ring, lemuel_doored_altar, nicolae_elyvilon_temple_path,
          nicolae_overflow_crystal_walls, lemuel_tele_altar,
          xom_confusion_cloud, temple_doors_e, serial_demonic, serial_demonic_b,
          serial_demonic_a, serial_demonic_e, serial_demonic_b,
          serial_demonic_c, serial_demonic_g, serial_shops, shop_statue,
          nicolae_shop_waterfront, nicolae_shop_statue_plus
D:8:      layout_cave_pools, lightli_temple_of_fire, serial_gnoll_camp,
          gnoll_camp_huts_basic, grums_kennel, gnoll_camp_mini_house,
          gnoll_camp_mini_sergeant, gnoll_camp_mini_loothouse,
          nicolae_ossuary_entry_false_entrances, uniq_pikel
D:9:      layout_rooms, enter_bailey_3, uniq_maurice
D:10:     layout_stronghold, mainiacjoe_overflow_alcove_4,
          eat_drink_and_be_merry_uskayaw, kb_rosetta
D:11:     layout_rooms, due_lair_maze_entry_diamond, gauntlet_entry_generic,
          serial_shops, shop, nicolae_vehumet_altar_sigil
D:12:     layout_roguey, orc_0_dummy, hangedman_abyss_or_decor_jellyfish_corner,
          roderic_serpentine_path
D:13:     layout_stronghold, led_sif_pool, uniq_josephine
D:14:     layout_irregular_city, david_vaults_4, uniq_frances, uniq_azrael
D:15:     hangedman_depths_entry_civil_slaughter, layout_basic,
          hellmonk_ghost_happy_afterlife, cheibrodos_ashenzari_chains,
          drop_trap, wad_floor_pattern_2
Temple:   nicolae_temple_bog_church
Lair:1:   layout_small_grid, nicolae_lair_grazing_beasts
          [nicolae_sub_lair_graze_edge, nicolae_sub_lair_graze_edge,
          nicolae_sub_lair_graze_edge, nicolae_sub_lair_graze_edge],
          serial_bayou_shore_b, grunt_megastairs_3
Lair:2:   layout_chaotic_city, swamp_mist, basic_altar, uniq_maggie, uniq_sonja,
          uniq_prince_ribbit2
Lair:3:   layout_layer_cave, spider_nest_entry_rubble, serial_bayou_lagoon_a,
          lemuel_fruit_fields
Lair:4:   layout_cave_shapes, slime_entry_1, cheibrodos_lair_reptile_den
Lair:5:   minmay_lair_end_enchanted_forest, layout_big_grid,
          infiniplex_staircase_pool_2, grunt_megastairs_2
Swamp:1:  layout_falls_marsh, ebering_ghost_funeral_grove,
          hangedman_swamp_ruin_hall, swamp_pool2
Swamp:2:  layout_basic_swamp, evilmike_swamp_ruin_house_4, swamp_pool1,
          nicolae_swamp_bunyip_nook, infiniplex_staircase_pool
Swamp:3:  layout_falls_marsh, nicolae_swamp_very_dense_foliage, ldierk_geyser
Swamp:4:  swamp, layout_basic_swamp, swamp_pool1
Spider:1: layout_spider_delve
Spider:2: mumra_spider_spiderweb
Spider:3: nicolae_spider_mines_2
Spider:4: floodkiller_spider_rune_tomb
Orc:1:    layout_caves, serial_shops, shop_fountains
Orc:2:    st_orc_rangers, layout_diamond_mine
Vaults:1: infiniplex_enter_wizlab_water, hangedman_vaults_impose,
          nicolae_vaults_network_barrier, nicolae_vaults_three_branches,
          ontoclasm_vaults_fault, v_misc_11, ontoclasm_vaults_claustrophobia,
          v_pattern_4, vaults_mumra_chevron, ontoclasm_vaults_chip,
          vaults_mumra_lcd, nicolae_vaults_statue_guard,
          nicolae_vaults_little_squares_4, layout_vaults_omnibox, serial_shops,
          nicolae_shop_crystal, shop
WizLab:   wizlab_borgnjor

Skill      XL: |  1  2  3  4  5  6  7  8  9 10 11 12 13 14 15 16 17 18 19 20 21 |
---------------+----------------------------------------------------------------+-----
Unarmed Combat | 4 5 6 7 9 10 11 13 14 15 16 | 16.6
Transmutations | 4 9 10 11 13 14 | 14.9
Ice Magic      | 5 8 10 | 10.0
Spellcasting   | 5 8 10 | 10.0
Invocations    | 5 10 | 10.0
Fighting       | 2 8 10 12 14 15 | 15.0
Dodging        | 4 8 11 15 | 15.0
Evocations     | 2 10 | 10.0
Armour         | 5 |  5.0

Action                   |  1- 3 |  4- 6 |  7- 9 | 10-12 | 13-15 | 16-18 | 19-21 || total
-------------------------+-------+-------+-------+-------+-------+-------+-------++-------
Melee: Unarmed           |   120 |   152 |   293 |   414 |   643 |   575 |   327 ||  2524
       Kick              |     2 |     2 |     4 |       |       |       |       ||     8
       Headbutt          |     1 |     1 |     4 |       |       |       |       ||     6
       Punch             |     1 |     4 |     7 |     3 |    18 |    54 |    34 ||   121
       Bite              |       |       |       |       |    21 |    62 |    43 ||   126
       Tailslap          |       |       |       |       |    17 |    72 |    48 ||   137
 Cast: Beastly Appendage |     2 |     6 |     2 |     1 |       |       |       ||    11
       Spider Form       |       |    10 |    21 |    15 |     2 |       |       ||    48
       Wereblood         |       |     7 |     8 |    23 |    36 |    33 |    15 ||   122
       Ice Form          |       |       |     5 |    30 |    44 |       |     1 ||    80
       Frozen Ramparts   |       |       |       |     4 |    46 |    27 |     2 ||    79
       Dragon Form       |       |       |       |       |    23 |    66 |    33 ||   122
       Alistair's Intoxi |       |       |       |       |       |     1 |       ||     1
       Irradiate         |       |       |       |       |       |     1 |       ||     1
Invok: Slouch            |       |       |       |     2 |     2 |    18 |       ||    22
 Abil: End Transformatio |       |       |       |     2 |     3 |     1 |       ||     6
       Breathe Fire      |       |       |       |       |     5 |    12 |     2 ||    19
Evoke: Wand              |       |       |       |     3 |       |    10 |       ||    13
  Use: Scroll            |       |    13 |     8 |    12 |     8 |     5 |     1 ||    47
       Potion            |       |       |     1 |    12 |     9 |     2 |     2 ||    26
 Stab: Sleeping          |     1 |       |     3 |     1 |       |       |     1 ||     6
       Invisible         |       |       |       |     4 |       |       |       ||     4
       Distracted        |       |       |       |       |     2 |       |       ||     2
Armor: Robe              |    43 |    38 |    76 |    52 |    26 |       |       ||   235
       Skin              |       |    11 |    50 |   381 |   466 |   212 |    86 ||  1206
       Troll leather arm |       |       |       |       |       |     3 |       ||     3
Dodge: Dodged            |    84 |   129 |   262 |   557 |   581 |   834 |   438 ||  2885
       Repelled          |       |       |       |       |       |     1 |     1 ||     2
